 Dungeon Crawl Stone Soup version 0.30-a0-591-g3c58d2bc28 (webtiles) character file.

Game seed: 17831247445443929957

697 bmack86 the Trooper (level 7, -7/64 HPs)
             Began as a Minotaur Fighter on Jan 6, 2023.
             Was an Initiate of Trog.
             Mangled by a gnoll sergeant
             ... wielding a +0 trident
              (14 damage)
             ... on level 5 of the Dungeon.
             The game lasted 00:09:53 (3241 turns).

bmack86 the Trooper (Minotaur Fighter)              Turns: 3241, Time: 00:09:54

Health: -7/64      AC:  7    Str: 23    XL:     7   Next: 38%
Magic:  6/6        EV:  9    Int:  5    God:    Trog [......]
Gold:   147        SH:  4    Dex:  9    Spells: 6/6 levels left

rFire   . . .      SeeInvis .    a - +0 war axe
rCold   . . .      Faith    .    c - +0 buckler
rNeg    . . .      Spirit   .    b - +0 scale mail
rPois   .          Reflect  .    (helmet restricted)
rElec   .          Harm     .    (no cloak)
rCorr   .          Rampage  .    (no gloves)
Will    .....                    (no boots) Stlth
                                 f - amulet of regeneration
HPRegen 1.10/turn                (no ring)
MPRegen 0.10/turn                (no ring)

@: mighty, weakened
A: horns 2, retaliatory headbutt
a: Renounce Religion


You were on level 5 of the Dungeon.
You worshipped Trog.
Trog was noncommittal.
You visited 2 branches of the dungeon, and saw 6 of its levels.

You collected 377 gold pieces.
You spent 230 gold pieces at shops.

Inventory:

Hand Weapons
 a - a +0 war axe (weapon)
Missiles
 k - 3 poisoned darts
 n - a boomerang (quivered)
Armour
 b - a +0 scale mail (worn)
 c - a +0 buckler (worn)
Jewellery
 f - an amulet of regeneration (around neck)
 u - a ring of protection from cold
Wands
 t - a wand of iceblast (21)
Scrolls
 e - a scroll of amnesia
 g - 2 scrolls of enchant weapon
 j - 4 scrolls of enchant armour
 m - a scroll of teleportation {unknown}
 o - a scroll of poison {unknown}
 p - a scroll of immolation {unknown}
 s - a scroll of brand weapon
Potions
 h - 2 potions of haste
 i - 2 potions of cancellation
 l - a potion of lignification
 q - a potion of ambrosia
 r - a potion of flight
 v - a potion of curing
 w - a potion of heal wounds


   Skills:
 * Level 6.3 Fighting
 * Level 5.8 Axes
 + Level 2.6 Throwing
 + Level 5.1 Armour
 + Level 5.1 Shields


You had 6 spell levels left.
You didn't know any spells.
Your spell library contained the following spells:

 Spells                   Type           Power      Damage    Failure   Level
 Apportation              Tloc           0%         N/A       86%         1
 Foxfire                  Conj/Fire      0%         2x1d4     86%         1
 Necrotise                Necr           0%         1d4       86%         1
 Summon Small Mammal      Summ           0%         N/A       86%         1
 Ozocubu's Armour         Ice            0%         N/A       99%         3
 Fireball                 Conj/Fire      0%         3d3       100%        5
 Starburst                Conj/Fire      0%         6d3       100%        6
 Ozocubu's Refrigeration  Ice            0%         4d7       100%        7


Dungeon Overview and Level Annotations

Branches:
Dungeon (5/15)             Temple (1/1) D:5

Altars:
Ashenzari
Dithmenos
Elyvilon
Hepliaklqana
Makhleb
Qazlal
Ru
Sif Muna
Trog
Vehumet
Xom
Yredelemnul
Zin

Shops:
D:3 ?


Innate Abilities, Weirdness & Mutations

You have a pair of horns on your head.
You reflexively headbutt those who attack you in melee.


Message History

The gnoll hits you from afar with a +2 halberd of protection.
You hit the gnoll.
You kill the gnoll!
Trog accepts your kill.
You closely miss the gnoll. You closely miss the gnoll bouda.
The gnoll bouda gazes fiercely through you!
You feel as though you will be weak longer.
The gnoll bouda hits you but does no damage.
The gnoll sergeant hits you from afar with a +0 trident.
The gnoll barely misses you.
The gnoll throws a throwing net.
The throwing net barely misses you.
The gnoll bouda hits you but does no damage.
The gnoll barely misses you. The gnoll closely misses you.
You furiously retaliate!
You headbutt the gnoll.
You kill the gnoll!
Trog accepts your kill.
The gnoll sergeant hits you from afar with a +0 trident!
The gnoll sergeant hits you with a +0 trident!
* * * LOW HITPOINT WARNING * * *
The gnoll bouda gazes fiercely through you!
You feel as though you will be weak longer.
The gnoll bouda hits you but does no damage.
The gnoll hits you with a +2 halberd of protection.
* * * LOW HITPOINT WARNING * * *
You see here a +0 flail.
You hit the gnoll but do no damage.
You hit the gnoll sergeant but do no damage.
You barely miss the gnoll bouda.
The gnoll sergeant hits you with a +0 trident.
* * * LOW HITPOINT WARNING * * *
The gnoll bouda barks out a call to the hunt!
The gnolls pick up the pace!
The gnoll completely misses you. You furiously retaliate!
You headbutt the gnoll. You closely miss the gnoll.
The gnoll is moderately wounded.
You hit the gnoll sergeant but do no damage.
You slash the gnoll bouda!
The gnoll sergeant hits you with a +0 trident!
You die...

# .#### # .....## ♣♣♣♣
#... ♣♣).. ♣ ##.. ♣♣♣..#
### ##..# ♣♣♣....#...#
#..##
###♣♣).)♣.g#...#######....
#..())...@g'..).##........
#.#♣♣...g♣.#...###<.......
#.##♣♣♣.)..#...# #...#....
#..# ♣♣♣..# ### .........
##.# ♣... ♣ .....##.. #.##
♣♣♣♣ .....##.. #..# #####
##..... ##.#####.#.#
##....> #....†..#.#
###......


You could see a gnoll sergeant (swift), a gnoll bouda and a gnoll (swift).

Vanquished Creatures
  An ice beast (D:4)
  A black bear (D:5)
  An ogre (D:3)
  2 necrophages (D:4)
  2 hounds (D:5)
  A jelly (D:3)
  10 gnolls (D:5)
  4 adders
  An ufetubus (D:5)
  2 worms
  2 dart slugs
  4 orcs
  4 endoplasms
  4 giant cockroaches
  4 goblins
  6 hobgoblins
  3 jackals (D:1)
  A quokka (D:4)
  6 ball pythons
  6 bats
  2 frilled lizards (D:2)
  5 kobolds
  6 rats
78 creatures vanquished.

Vanquished Creatures (others)
  6 plants (D:2)
6 creatures vanquished.

Grand Total: 84 creatures vanquished

Notes
Turn   | Place    | Note
-------+----------+-------------------------------------------
     0 | D:1      | bmack86 the Minotaur Fighter began the quest for the Orb.
     0 | D:1      | Reached XP level 1. HP: 19/19 MP: 0/0
   216 | D:1      | Reached XP level 2. HP: 23/27 MP: 1/1
   412 | D:1      | Reached skill level 4 in Fighting
  1015 | D:2      | Reached XP level 3. HP: 32/33 MP: 2/2
  1115 | D:2      | Found a sacrificial altar of Ru.
  1802 | D:3      | Reached XP level 4. HP: 41/41 MP: 3/3
  2123 | D:3      | Found Xihet's Magic Scroll Shoppe.
  2131 | D:3      | Bought a scroll of enchant armour for 82 gold pieces
  2131 | D:3      | Bought a scroll of identify for 22 gold pieces
  2131 | D:3      | Bought a scroll of identify for 22 gold pieces
  2338 | D:3      | Bought a scroll of brand weapon for 104 gold pieces
  2393 | D:4      | Noticed an ogre
  2436 | D:3      | Killed an ogre
  2437 | D:3      | Reached skill level 1 in Throwing
  2437 | D:3      | Reached XP level 5. HP: 22/47 MP: 4/4
  2475 | D:4      | Reached skill level 5 in Fighting
  2711 | D:4      | Reached XP level 6. HP: 56/56 MP: 5/5
  2940 | D:5      | Entered Level 5 of the Dungeon
  2950 | D:5      | Noticed an ice beast
  2951 | D:5      | Reached skill level 5 in Axes
  2970 | D:4      | Killed an ice beast
  2971 | D:4      | Reached skill level 6 in Fighting
  2971 | D:4      | Reached skill level 5 in Armour
  2971 | D:4      | Reached skill level 5 in Shields
  2971 | D:4      | Reached XP level 7. HP: 33/63 MP: 6/6
  3018 | D:5      | Found a staircase to the Ecumenical Temple.
  3028 | Temple   | Entered the Ecumenical Temple
  3122 | Temple   | Became a worshipper of Trog the Wrathful
  3232 | D:5      | Found the +5 woodcutter's axe
  3241 | D:5      | Mangled by a gnoll sergeant

Illustrated notes

Levels and vault maps discovered:
D:1:      minmay_arrival_wavy_path, layout_loops_ring, serial_forest,
          infiniplex_forest_clump_tiny, infiniplex_forest_end_3,
          infiniplex_forest_lined_room_2, infiniplex_forest_straight_5,
          infiniplex_forest_3_way, infiniplex_forest_straight_4,
          minmay_misc_feat_roman, st_stairs_7, chequers_arboretum
D:2:      layout_basic, basic_altar, serial_bayou_lake_a
D:3:      layout_basic, serial_shops, shop, grunt_ministairs_7
D:4:      layout_rooms, grunt_decor_resistance
D:5:      layout_rooms, pdpol_wu_jian_five_deadly_venoms,
          minmay_temple_entry_stoned_glass, ebering_ghost_sewer_f,
          pf_guarded_unrand_woodcutter
Temple:   compressed_dpeg_triangle_lava_temple

Skill      XL: |  1  2  3  4  5  6 |
---------------+-------------------+-----
Axes           | 3 4 5 |  5.8
Fighting       | 4 5 6 |  6.3
Armour         | 4 5 |  5.1
Shields        | 4 5 |  5.1
Throwing       | 1 2 |  2.6

Action                   |  1- 3 |  4- 6 |  7- 9 || total
-------------------------+-------+-------+-------++-------
Melee: War axe           |   100 |    54 |    33 ||   187
       Headbutt          |    11 |     6 |     1 ||    18
Throw: Boomerang         |       |     4 |       ||     4
       Dart              |       |     3 |       ||     3
  Use: Scroll            |     6 |     6 |       ||    12
       Potion            |       |       |     1 ||     1
Armor: Scale mail        |    39 |    28 |    15 ||    82
Dodge: Dodged            |    55 |    27 |    26 ||   108
Block: Buckler           |    29 |    16 |    15 ||    60

Table legend: (Time is in decaauts)
 A = Elapsed time spent in this place.
 B = Non-inter-level travel time spent in this place.
 C = Inter-level travel time spent in this place.
 D = Time resting spent in this place.
 E = Time spent auto-exploring this place.
 F = Levels seen in this place.
 G = Mean time per level.
                   A        B        C        D        E       F      G
               +--------+--------+--------+--------+--------+-----+--------+
         Total |   3329 |   3219 |    110 |     27 |   2048 |   6 |  554.8 |
       Dungeon |   3222 |   3112 |    110 |     27 |   2048 |   5 |  644.4 |
        Temple |    106 |    106 |      0 |      0 |      0 |   1 |  106.0 |
               +--------+--------+--------+--------+--------+-----+--------+

Top non-repeatable levels by time:
     D:1: 958 daAuts
     D:2: 765 daAuts
     D:3: 759 daAuts
     D:4: 570 daAuts
     D:5: 168 daAuts
  Temple: 106 daAuts
